 Dungeon Crawl Stone Soup version 0.28-a0-1524-ge72afd5fc6 (webtiles) character file.

Game seed: 15094167812993244278

18 psuckher the Sneak (level 2, -3/25 HPs)
             Began as a Barachi Delver on Jan 17, 2022.
             Was an Initiate of Ru.
             Killed from afar by a white imp (12 damage)
             ... with a puff of frost
             ... on level 4 of the Dungeon.
             The game lasted 00:02:43 (543 turns).

psuckher the Sneak (Barachi Delver)                  Turns: 543, Time: 00:02:44

Health: -3/25      AC:  3    Str: 13    XL:     2   Next: 70%
Magic:  2/2        EV: 12    Int: 10    God:    Ru [......]
Gold:   24         SH:  0    Dex: 13    Spells: 1/1 levels left

rFire   . . .      SeeInvis .   h - +0 whip (pain)
rCold   . . .      Faith    .   (no shield)
rNeg    . . .      Spirit   .   b - +0 leather armour
rPois   .          Reflect  .   (no helmet)
rElec   .          Harm     .   (no cloak)
rCorr   .          Rampage  .   (no gloves)
Will    .....                   (no boots)
Stlth   +++.......              (no amulet)
HPRegen 0.08/turn               (no ring)
MPRegen 0.08/turn               (no ring)

@: unable to hop, slow
A: amphibious, slowness 1, strong legs 1, +LOS
a: Hop, Renounce Religion


You were on level 4 of the Dungeon.
You worshipped Ru.
Ru was noncommittal.
You visited 2 branches of the dungeon, and saw 3 of its levels.

You collected 24 gold pieces.

Inventory:

Hand Weapons
 a - a +0 falchion
 h - a +0 whip of pain (weapon)
Armour
 b - a +0 leather armour (worn)
 j - a +2 cloak
Wands
 g - a wand of digging (3)
Scrolls
 c - a scroll of fog
 d - a scroll of magic mapping
Potions
 e - a potion of lignification {unknown}
 f - a potion of haste
 i - a potion of curing {unknown}


   Skills:
 + Level 3.8 Fighting
 + Level 2.4 Long Blades
 + Level 0.2 Maces & Flails
 + Level 0.2 Armour
 + Level 2.2 Dodging
 + Level 5.0 Stealth


You had one spell level left.
You didn't know any spells.
Your spell library was empty.

Dungeon Overview and Level Annotations

Branches:
Dungeon (5/15)             Temple (1/1) D:5

Altars:
Ashenzari
Cheibriados
Dithmenos
Elyvilon
Fedhas
Gozag
Hepliaklqana
Kikubaaqudgha
Makhleb
Nemelex Xobeh
Okawaru
Qazlal
Ru
Sif Muna
Trog
Uskayaw
Vehumet
Xom
Yredelemnul
Zin
The Shining One

Annotations:
D:5 Grinder


Innate Abilities, Weirdness & Mutations

You are amphibious.
You cover ground slowly.
You can hop short distances.
You have an extended range of vision and can be seen from far away.


Message History

Your Stealth skill increases to level 5!
You see here an adder corpse.
Found 13 gold pieces.
You now have 13 gold pieces.
Found a stone staircase leading down.
Found a coppery potion.
Found a stone staircase leading up.
Found 11 gold pieces.
Found a stone staircase leading up.
i - a coppery potion
Found an embroidered cloak.
Found a silvery potion.
Found a scroll of fear.
You now have 24 gold pieces (gained 11).
A white imp comes into view.
The white imp shouts, "Flee, thou puking sow-suckled simpleton!"
The white imp gestures at you. The puff of frost misses you.
The white imp gestures at you. The puff of frost misses you.
The white imp gestures at you. The puff of frost hits you!
As you read the scroll of fear, it crumbles to dust.
You assume a fearsome visage.
The white imp looks frightened!
Cornered, the white imp turns to fight!
You see here a silvery potion.
Hop to where?
Press: ? - help, Q - select action Dir - move target
Okay, then.
Okay, then.
e - a silvery potion The white imp gestures at you.
The puff of frost hits you!
You see here a +2 cloak.
j - a +2 cloak Hop to where?
Press: ? - help, Q - select action Dir - move target
Found a stone staircase leading up.
Boing!
The white imp gestures at you. The puff of frost hits you!
You die...

#. .# #..##.#####
###.#...##.###
#..........#.## .#
#............#### #.#
###........#......###...
#.#..........#......#...#.
.........<...#..5.........
#..##.........@........ #.
##.....#..##.....#<.
#.##.>....#....#.○.##.##
#......................#
####.........#######.?#......
.#..........## #..# .####
............# #...#
...###......# #.....
...##.......### #....##


You could see a white imp.

Vanquished Creatures
  An adder (D:4)
  A howler monkey skeleton (D:5)
  A ball python (D:4)
3 creatures vanquished.

Notes
Turn   | Place    | Note
-------+----------+-------------------------------------------
     0 | D:5      | psuckher the Barachi Delver began the quest for the Orb.
     0 | D:5      | Reached XP level 1. HP: 18/18 MP: 1/1
     2 | D:5      | Found a staircase to the Ecumenical Temple.
    42 | Temple   | Entered the Ecumenical Temple
   283 | Temple   | Became a worshipper of Ru the Awakened
   321 | D:5      | Reached XP level 2. HP: 17/25 MP: 2/2
   407 | D:5      | Noticed Grinder
   466 | D:4      | Reached skill level 5 in Stealth
   543 | D:4      | Killed from afar by a white imp

Illustrated notes

Levels and vault maps discovered:
D:4:      layout_cave_pools, hangedman_feature_mirror, uniq_eustachio
D:5:      layout_loops_cross, minmay_temple_entry_antechambers,
          minmay_misc_feat_secret_circle, minmay_ogre_servants, uniq_duvessa,
          uniq_crazy_yiuf_cottage, uniq_grinder
Temple:   minmay_crystal_snake_temple

Skill      XL: |  1  2 |
---------------+-------+-----
Stealth        | 5 |  5.0
Fighting       | |  3.8
Long Blades    | |  2.4
Maces & Flails | |  0.2
Armour         | |  0.2
Dodging        | |  2.2

Action                   || total
-------------------------++-------
Melee: Whip              ||    16
 Abil: Hop               ||     1
  Use: Scroll            ||     1
 Stab: Sleeping          ||     1
Armor: Leather armour    ||     5
Dodge: Dodged            ||    13

Table legend: (Time is in decaauts)
 A = Elapsed time spent in this place.
 B = Non-inter-level travel time spent in this place.
 C = Inter-level travel time spent in this place.
 D = Time resting spent in this place.
 E = Time spent auto-exploring this place.
 F = Levels seen in this place.
 G = Mean time per level.
                   A        B        C        D        E       F      G
               +--------+--------+--------+--------+--------+-----+--------+
         Total |    645 |    536 |    109 |      0 |      0 |   3 |  215.0 |
       Dungeon |    348 |    257 |     91 |      0 |      0 |   2 |  174.0 |
        Temple |    297 |    279 |     18 |      0 |      0 |   1 |  297.0 |
               +--------+--------+--------+--------+--------+-----+--------+

Top non-repeatable levels by time:
  Temple: 297 daAuts
     D:5: 196 daAuts
     D:4: 152 daAuts
